 Dungeon Crawl Stone Soup version 0.30-a0-618-gd6c86c23d0 (webtiles) character file.

Game seed: 11890943374066483594

472 ragingrage the Cutter (level 7, -3/78 HPs)
             Began as a Vine Stalker Delver on Jan 9, 2023.
             Was a Believer of Uskayaw.
             Slain by a hornet (7 damage)
             ... on level 5 of the Dungeon.
             The game lasted 00:05:12 (4177 turns).

ragingrage the Cutter (Vine Stalker Delver)         Turns: 4177, Time: 00:05:13

Health: -3/78      AC: 23    Str: 15    XL:     7   Next: 9%
Magic:  0/8        EV:  2    Int: 10    God:    Uskayaw [**....]
Gold:   32         SH:  0    Dex: 17    Spells: 6/6 levels left

rFire   . . .      SeeInvis +    (no weapon)
rCold   . . .      Faith    .    (no shield)
rNeg    . . .      Spirit   +    (body armour currently unavailable)
rPois   +          Reflect  .    (helmet currently unavailable)
rElec   .          Harm     .    (cloak currently unavailable)
rCorr   .          Rampage  .    (gloves currently unavailable)
Will    .....      NoTele   +    (boots currently unavailable) Stlth
                                 s - amulet of magic regeneration
HPRegen 1.13/turn                b - ring of see invisible
MPRegen 0.51/turn                (no ring)

@: berserking, tree-form, very quick
A: stationary, stasis, torment immunity, boosted hp, (fangs 2), regeneration 1,
magic shield, (antimagic bite), no potion heal 2
a: Renounce Religion, Stomp, Line Pass


You were on level 5 of the Dungeon.
You worshipped Uskayaw.
Uskayaw was noncommittal.
You were a tree.
You visited 1 branch of the dungeon, and saw 6 of its levels.

You collected 144 gold pieces.
You spent 112 gold pieces at shops.

Inventory:

Hand Weapons
 a - a +1 short sword
Missiles
 h - 17 poisoned darts (quivered)
 B - 2 throwing nets
Armour
 w - a +1 robe of fire resistance (melded)
Jewellery
 b - a ring of see invisible (left branch)
 s - an amulet of magic regeneration (around neck)
 y - an amulet of faith
Wands
 g - a wand of digging (3)
Scrolls
 c - 4 scrolls of fog
 d - 3 scrolls of magic mapping
 e - a scroll of fear
 i - a scroll of torment {unknown}
 k - a scroll of poison {unknown}
 m - 2 scrolls of enchant weapon
 n - a scroll of amnesia
 o - 3 scrolls of teleportation
 p - 2 scrolls of enchant armour
 r - 3 scrolls of identify
 u - a scroll of blinking {unknown}
 v - a scroll of vulnerability {unknown}
Potions
 f - a potion of haste
 j - a potion of flight {unknown}
 l - 2 potions of ambrosia
 q - 4 potions of curing
 t - a potion of berserk rage
 z - a potion of heal wounds {unknown}
 A - a potion of magic {unknown}


   Skills:
 - Level 2.6 Fighting
 + Level 6.8 Short Blades
 - Level 1.5 Dodging
 - Level 6.0 Stealth


You had 6 spell levels left.
You didn't know any spells.
Your spell library contained the following spells:

 Spells                   Type           Power      Damage    Failure   Level
 Apportation              Tloc           0%         N/A       36%         1
 Magic Dart               Conj           0%         1d3       36%         1
 Necrotise                Necr           0%         1d4       36%         1
 Summon Small Mammal      Summ           0%         N/A       36%         1
 Searing Ray              Conj           0%         2d4       50%         2
 Inner Flame              Hex/Fire       0%         N/A       75%         3
 Portal Projectile        Hex/Tloc       0%         N/A       75%         3
 Tukima's Dance           Hex            0%         N/A       75%         3
 Flame Wave               Conj/Fire      0%         2d4       98%         4
 Fulminant Prism          Conj/Hex       0%         3d5       98%         4
 Sticky Flame             Conj/Fire      0%         2d3       98%         4
 Blade Hands              Tmut           0%         N/A       100%        5


Dungeon Overview and Level Annotations

Branches:
Dungeon (6/15)
 Temple: D:4-7

Altars:
Hepliaklqana
Uskayaw

Shops:
D:4 !

Annotations:
D:3 Sigmund
D:5 Eustachio; bchevrier's ghost, novice GnWn


Innate Abilities, Weirdness & Mutations

You are a tree.
Your roots penetrate the ground, keeping you stationary.
You cannot be teleported.
You are immune to unholy pain and torment.
Your maximum health is greatly increased.
Your equipment is partially melded.
((You have extremely sharp teeth.))
Your natural rate of healing is unusually fast.
When hurt, damage is shared between your health and your magic reserves.
((Your bite disrupts and absorbs the magic of your enemies.))
Potions cannot restore your health.


Message History

You closely miss the hornet.
The hornet is lightly wounded.
You feel yourself speed up.
You feel very sick.
The hornet stings you but does no damage.
The hornet barely misses you.
You closely miss the hornet.
The hornet is lightly wounded.
You feel sick.
The hornet stings you but does no damage. x2
Okay, then.
You barely miss the hornet.
The hornet is lightly wounded.
You feel sick.
The hornet stings you but does no damage.
You smack the hornet!
The hornet is moderately wounded.
You feel sick.
The hornet stings you but does no damage. x2
You hit the hornet.
The hornet is moderately wounded.
You feel sick. The hornet stings you.
You are more poisoned.
You suddenly lose the ability to move!
You can move again.
You smack the hornet!
The hornet is severely wounded.
You feel very sick. The hornet stings you!
* * * LOW HITPOINT WARNING * * *
The hornet stings you.
* * * LOW HITPOINT WARNING * * *
You can now pass through a line of other dancers.
Your system rejects the healing.
You feel better. The hornet stings you!
* * * LOW HITPOINT WARNING * * *
A red film seems to cover your vision as you go berserk!
You feel yourself moving faster!
You feel mighty!
The hornet stings you but does no damage.
The hornet stings you!
You die...

##.###......###.# #...
##.###.......)..# #..
#.>.##......##### #.
###...##......########### #
#.......#....[..........#
#######.............#########.#
..................### #.#
.##.###.#......y..# #.#
#...#.#...♣.##### #.#
###.............# #.##
#.#.#..<......# #..#
#.....#####...# ##.# ##...##
#..## ######.#
#..#######..####......#
#.####...........####.##
#..<...###..#####.......
#.########............#.


You could see a hornet.

Vanquished Creatures
  An ogre (D:5)
  A necrophage (D:4)
  2 howler monkeys (D:5)
  2 hounds (D:5)
  An orc priest (D:3)
  An orc wizard (D:5)
  6 adders
  A white imp (D:5)
  5 orcs
  6 ball pythons
  8 bats
  6 endoplasms
  4 giant cockroaches
  10 goblins
  7 hobgoblins
  12 jackals
  4 quokkas
  4 frilled lizards
  9 kobolds
  3 rats
93 creatures vanquished.

Notes
Turn   | Place    | Note
-------+----------+-------------------------------------------
     0 | D:5      | ragingrage the Vine Stalker Delver began the quest for the
                  | Orb.
     0 | D:5      | Reached XP level 1. HP: 11/11 MP: 2/2
   182 | D:4      | Found a hide-covered altar of Uskayaw.
   188 | D:4      | Became a worshipper of Uskayaw the Reveller
   202 | D:4      | Reached * piety under Uskayaw
   262 | D:3      | Reached XP level 2. HP: 13/16 MP: 1/3
   263 | D:3      | Reached ** piety under Uskayaw
   359 | D:3      | Found a hazy altar of Hepliaklqana.
   396 | D:3      | Reached XP level 3. HP: 12/19 MP: 1/4
  1011 | D:3      | Noticed Sigmund
  1474 | D:2      | Gained mutation: Your natural rate of healing is unusually
                  | fast. [Vine Stalker growth]
  1474 | D:2      | Reached XP level 4. HP: 15/23 MP: 5/5
  2853 | D:1      | Reached XP level 5. HP: 27/27 MP: 6/6
  3346 | D:4      | Reached skill level 5 in Short Blades
  3375 | D:4      | Found Tukhoupo's Distillery.
  3383 | D:4      | Bought a potion of berserk rage for 70 gold pieces
  3383 | D:4      | Bought a potion of curing for 42 gold pieces
  3430 | D:4      | Reached *** piety under Uskayaw
  3489 | D:4      | Reached XP level 6. HP: 31/31 MP: 7/7
  3656 | D:5      | Reached **** piety under Uskayaw
  3672 | D:5      | Reached ***** piety under Uskayaw
  3765 | D:5      | Noticed bchevrier's ghost (novice GnWn)
  3997 | D:5      | Reached XP level 7. HP: 10/35 MP: 2/8
  4130 | D:5      | Noticed Eustachio
  4150 | D:6      | Noticed a hornet
  4164 | D:5      | Paralysed by a hornet for 1 turns
  4174 | D:5      | Paralysed by a hornet for 1 turns
  4176 | D:5      | HP: 2/52 [hornet (5)]
  4177 | D:5      | Slain by a hornet

Illustrated notes

Levels and vault maps discovered:
D:1:      beargit_arrival_diablo_church, layout_basic, chequers_jeans
D:2:      layout_basic
D:3:      layout_basic, mainiacjoe_overflow_alcove_1, uniq_sigmund
D:4:      layout_basic, nicolae_uskayaw_dance_hall, serial_shops, shop
D:5:      layout_loops_ring, temple_hall, hellmonk_ghost_happy_afterlife,
          serial_glass, glass_columns_a, glass_columns_a, glass_columns_b,
          glass_columns_b, uniq_eustachio
D:6:      layout_rooms, mainiacjoe_overflow_six_doors_small

Skill      XL: |  1  2  3  4  5  6 |
---------------+-------------------+-----
Short Blades   | 2 3 4 5 6 |  6.8
Fighting       | |  2.6
Dodging        | |  1.5
Stealth        | |  6.0

Action                   |  1- 3 |  4- 6 |  7- 9 || total
-------------------------+-------+-------+-------++-------
Melee: Short sword       |   115 |   262 |     2 ||   379
       Bite              |    23 |    73 |       ||    96
       Punch             |       |     4 |       ||     4
       Unarmed           |       |       |    15 ||    15
Throw: Dart              |       |    10 |       ||    10
  Use: Scroll            |       |     6 |       ||     6
       Potion            |       |       |     3 ||     3
 Stab: Sleeping          |     2 |     9 |     1 ||    12
       Paralysed         |       |     3 |       ||     3
Armor: Leather armour    |    26 |     6 |       ||    32
       Robe              |       |    51 |       ||    51
       Skin              |       |       |    18 ||    18
Dodge: Dodged            |    55 |   143 |     3 ||   201

Table legend: (Time is in decaauts)
 A = Elapsed time spent in this place.
 B = Non-inter-level travel time spent in this place.
 C = Inter-level travel time spent in this place.
 D = Time resting spent in this place.
 E = Time spent auto-exploring this place.
 F = Levels seen in this place.
 G = Mean time per level.
                   A        B        C        D        E       F      G
               +--------+--------+--------+--------+--------+-----+--------+
         Total |   4095 |   3778 |    317 |    567 |   2331 |   6 |  682.5 |
       Dungeon |   4095 |   3778 |    317 |    567 |   2331 |   6 |  682.5 |
               +--------+--------+--------+--------+--------+-----+--------+

Top non-repeatable levels by time:
     D:2: 1062 daAuts
     D:1: 883 daAuts
     D:3: 844 daAuts
     D:4: 765 daAuts
     D:5: 533 daAuts
     D:6: 6 daAuts
